[Event "Titled Tuesday Blitz January 17 Early 2023"]
[White "Vargas, Mauricio"]
[Black "Jimenez Fernandez, Rebeca"]
[WhiteFideId "4404572"]
[BlackFideId "32070934"]
[WhiteElo "2035"]
[BlackElo "2069"]
[Result "0-1"]
[Round "08"]
[TimeControl "180+2"]
[Date "2023.01.17"]
[WhiteClock "0:00:47"]
[BlackClock "0:01:45"]

1. e4 c5 2. Nc3 Nc6 3. Nf3 g6 4. Bb5 Bg7 5. Bxc6 bxc6 6. d3 Nf6 7. O-O O-O 8. h3 d6 9. Bd2 e5 10. b3 Ne8 11. Ng5 Nc7 12. f4 exf4 13. Bxf4 Bxc3 14. Rc1 Ne6 15. Nxe6 Bxe6 16. Qf3 a5 17. Qg3 Be5 18. Bxe5 dxe5 19. Qxe5 Qd4+ 20. Qxd4 cxd4 21. a4 c5 22. Rf3 f5 23. exf5 Bxf5 24. Rcf1 Bd7 25. Kf2 Rxf3+ 26. Kxf3 Rf8+ 27. Ke2 Rxf1 28. Kxf1 Kf7 29. Kf2 Kf6 30. Kg3 g5 31. Kf3 Kf5 32. g4+ Ke5 33. Kg3 Bc6 34. h4 gxh4+ 35. Kxh4 Kf4 36. g5 Be8 37. Kh3 Bg6 38. Kh4 Ke3 39. Kg4 Kd2 40. Kf4 Kxc2 41. Ke5 Kxd3 42. Kd5 Kc3 43. Kxc5 d3 44. Kb5 Kxb3 45. Kxa5 d2 46. Kb6 d1=Q 47. a5 Qd6+ 48. Kb7 Kb4 49. a6 Kb5 50. a7 Qd7+ 51. Kb8 Be4 52. a8=Q Qd8+ 53. Ka7 Qxa8# 0-1


[Site "https://www.chess.com"]

[Event "Titled Tuesday Blitz January 17 Early 2023"]
[White "Soumya, Swaminathan"]
[Black "Larina, Maria"]
[WhiteFideId "5016193"]
[BlackFideId "24113182"]
[WhiteElo "2293"]
[BlackElo "1948"]
[Result "0-1"]
[Round "08"]
[TimeControl "180+2"]
[Date "2023.01.17"]
[WhiteClock "0:00:01"]
[BlackClock "0:00:31"]

1. e4 c6 2. Nf3 d5 3. d3 Bg4 4. Be2 e6 5. e5 c5 6. c3 Nc6 7. d4 cxd4 8. cxd4 Qb6 9. Nbd2 Nge7 10. O-O Nf5 11. Kh1 Bxf3 12. Nxf3 Nfxd4 13. Be3 Bc5 14. Rc1 O-O 15. Rxc5 Qxc5 16. Nxd4 Nxd4 17. Bxd4 Qa5 18. a3 b6 19. Bd3 g6 20. h4 h5 21. Qf3 b5 22. Qf6 Qd2 23. Bxg6 Qxd4 24. Bxh5 Qd3 25. Re1 Qf5 26. Qh6 Qh7 27. Qg5+ Qg7 28. Qf4 Kh8 29. Re3 Qh7 30. Be2 f5 0-1


[Site "https://www.chess.com"]

[Event "Titled Tuesday Blitz January 17 Early 2023"]
[White "Artemiev, Vladislav"]
[Black "Lazavik, Denis"]
[WhiteFideId "24101605"]
[BlackFideId "13515110"]
[WhiteElo "2701"]
[BlackElo "2544"]
[Result "1/2-1/2"]
[Round "09"]
[TimeControl "180+2"]
[Date "2023.01.17"]
[WhiteClock "0:00:23"]
[BlackClock "0:01:32"]

1. d4 Nf6 2. c4 e6 3. Nf3 d5 4. Nc3 Be7 5. Bg5 h6 6. Bh4 dxc4 7. e3 c5 8. Bxc4 cxd4 9. exd4 O-O 10. O-O Nc6 11. Re1 Nh5 12. Bxe7 Nxe7 13. d5 exd5 14. Nxd5 Nxd5 15. Qxd5 Qxd5 16. Bxd5 Nf4 17. Be4 Rb8 18. Nd4 Bd7 19. Rad1 Rfd8 20. h4 Kf8 21. b3 a5 22. g3 Ne6 23. Bf3 Nxd4 24. Rxd4 b6 25. Rf4 Re8 26. Rc1 1/2-1/2


[Site "https://www.chess.com"]

[Event "Titled Tuesday Blitz January 17 Early 2023"]
[White "Dubov, Daniil"]
[Black "Oparin, Grigoriy"]
[WhiteFideId "24126055"]
[BlackFideId "24125890"]
[WhiteElo "2708"]
[BlackElo "2667"]
[Result "1-0"]
[Round "09"]
[TimeControl "180+2"]
[Date "2023.01.17"]
[WhiteClock "0:00:24"]
[BlackClock "0:00:17"]

1. d4 d5 2. Nf3 Nf6 3. Bg5 c5 4. Bxf6 gxf6 5. dxc5 e6 6. e3 Nd7 7. c4 dxc4 8. Bxc4 Qa5+ 9. Nbd2 Qxc5 10. O-O f5 11. Rc1 Qe7 12. e4 f4 13. Bb5 a6 14. Qa4 Rb8 15. Bxd7+ Bxd7 16. Qd4 Rg8 17. e5 Rd8 18. Rc7 Qb4 19. Ne4 Rg6 20. Nf6+ Rxf6 21. Qxb4 Bxb4 22. exf6 Bb5 23. Rfc1 Bd6 24. Rxb7 h6 25. h4 Bd3 26. Rc6 Be4 27. Rxd6 Rxd6 28. Re7+ Kf8 29. Ne5 Bg6 30. Nd7+ 1-0


[Site "https://www.chess.com"]

[Event "Titled Tuesday Blitz January 17 Early 2023"]
[White "Kamsky, Gata"]
[Black "Sarana, Alexey"]
[WhiteFideId "2000024"]
[BlackFideId "24133795"]
[WhiteElo "2665"]
[BlackElo "2685"]
[Result "1/2-1/2"]
[Round "09"]
[TimeControl "180+2"]
[Date "2023.01.17"]
[WhiteClock "0:01:14"]
[BlackClock "0:01:25"]

1. e4 e5 2. Nf3 Nc6 3. Bb5 a6 4. Bxc6 dxc6 5. O-O Qf6 6. d4 exd4 7. Qxd4 Qxd4 8. Nxd4 Bd7 9. Nc3 O-O-O 10. Be3 c5 11. Nde2 b6 12. Rfd1 Re8 13. a4 a5 14. Nf4 Ne7 15. f3 Bc6 16. Bf2 Ng6 17. Nfd5 Kb7 18. Nb5 Bxb5 19. axb5 Bd6 20. b3 h5 21. Bg3 Bxg3 22. hxg3 h4 23. gxh4 Rxh4 24. Ne3 Ne5 25. Kf2 Rhh8 26. Rd5 f6 27. Kg3 Kc8 28. Rad1 Rh7 29. Ng4 Nxg4 30. Kxg4 g6 31. c4 Reh8 32. Kg3 Re8 33. R5d2 Reh8 34. Rd5 Re8 35. R5d2 Rf8 36. Rd5 1/2-1/2


[Site "https://www.chess.com"]

[Event "Titled Tuesday Blitz January 17 Early 2023"]
[White "Kovalenko, Igor"]
[Black "Dardha, Daniel"]
[WhiteFideId "14117908"]
[BlackFideId "240990"]
[WhiteElo "2674"]
[BlackElo "2631"]
[Result "0-1"]
[Round "09"]
[TimeControl "180+2"]
[Date "2023.01.17"]
[WhiteClock "0:00:01"]
[BlackClock "0:00:04"]

1. d4 Nf6 2. Nf3 e6 3. e3 c5 4. Bd3 b6 5. O-O Bb7 6. c4 cxd4 7. exd4 Be7 8. Nc3 O-O 9. d5 Na6 10. Re1 Re8 11. Bg5 h6 12. Bf4 Bb4 13. Qd2 Nc5 14. Bc2 Bxc3 15. bxc3 exd5 16. cxd5 Bxd5 17. Bxh6 Bxf3 18. gxf3 Ne6 19. Kh1 Kf8 20. Be3 Qc7 21. Rad1 Qc6 22. Qd6+ Qxd6 23. Rxd6 Rac8 24. Bd2 Nc5 25. Rxe8+ Rxe8 26. Be3 Ne6 27. Ba4 Rc8 28. Rd3 Nc5 29. Bxc5+ Rxc5 30. Bxd7 Nd5 31. c4 Nf4 32. Rd4 g5 33. h4 f6 34. hxg5 fxg5 35. Kh2 Rc7 36. Bf5 Rf7 37. Be4 Rf6 38. Rd8+ Ke7 39. Rg8 Rh6+ 40. Kg3 Kf6 41. Rf8+ Kg7 42. Rf5 Ne6 43. Re5 Kf6 44. Rf5+ Ke7 45. Bd5 Nf4 46. Rxg5 Ne2+ 47. Kg4 Rh2 48. f4 Rxf2 49. Re5+ Kf6 50. Re6+ Kg7 51. f5 Nd4 52. Re7+ Kf6 53. Rf7+ Ke5 54. Re7+ Kf6 55. Rf7+ Ke5 56. Rxa7 Rf4+ 57. Kg5 Rxf5+ 58. Kg6 Rf6+ 59. Kg7 Nf5+ 60. Kg8 Rd6 0-1


[Site "https://www.chess.com"]

[Event "Titled Tuesday Blitz January 17 Early 2023"]
[White "Babazada, Khazar"]
[Black "Le, Tuan Minh"]
[WhiteFideId "13413554"]
[BlackFideId "12401153"]
[WhiteElo "2474"]
[BlackElo "2542"]
[Result "1-0"]
[Round "09"]
[TimeControl "180+2"]
[Date "2023.01.17"]
[WhiteClock "0:01:14"]
[BlackClock "0:00:11"]

1. e4 c5 2. Nf3 Nf6 3. Nc3 d5 4. exd5 Nxd5 5. Bb5+ Bd7 6. O-O Bxb5 7. Nxb5 Qd7 8. c4 a6 9. Ne5 Qf5 10. Qa4 Nd7 11. d4 N5b6 12. Nc7+ Kd8 13. Qa5 Nxe5 14. Qxb6 Nxc4 15. Ne6+ Kd7 16. Nxc5+ Ke8 17. Qxb7 Rc8 18. Qxa6 Nd6 19. Qa4+ Kd8 20. Bd2 e6 21. Qd7# 1-0


[Site "https://www.chess.com"]

[Event "Titled Tuesday Blitz January 17 Early 2023"]
[White "Lenderman, Aleksandr"]
[Black "Nakamura, Hikaru"]
[WhiteFideId "2021285"]
[BlackFideId "2016192"]
[WhiteElo "2572"]
[BlackElo "2775"]
[Result "1/2-1/2"]
[Round "09"]
[TimeControl "180+2"]
[Date "2023.01.17"]
[WhiteClock "0:00:05"]
[BlackClock "0:00:05"]

1. Nf3 d5 2. e3 Nf6 3. c4 e6 4. d4 b6 5. cxd5 exd5 6. Bd3 Bd6 7. O-O O-O 8. b3 Re8 9. Ba3 Bb7 10. Bxd6 Qxd6 11. Nc3 a6 12. Qc2 Nbd7 13. Rac1 Rac8 14. Rfd1 g6 15. Qb2 c5 16. Ne2 Qe7 17. Nf4 Rc6 18. Bf1 Rc7 19. dxc5 bxc5 20. g3 Rec8 21. Bg2 c4 22. Nd4 Ne5 23. h4 Ne4 24. Bh3 Re8 25. Bg2 c3 26. Qe2 Rec8 27. Nc2 Rd8 28. Rd4 h5 29. Rcd1 Rf8 30. Nxd5 Bxd5 31. Rxd5 Nd2 32. Qxa6 Ra7 33. Rxe5 Qd7 34. Qf6 Qd3 35. Ne1 Qe2 36. Rc1 Rxa2 37. Rd5 Nxb3 38. Bf1 Qb2 39. Rc2 Qb1 40. Rxa2 Qxe1 41. Re2 Qc1 42. Rd3 Nd2 43. Rexd2 cxd2 44. Qd4 Rb8 45. Rxd2 Rb1 46. Kh2 Qxf1 47. Qe4 Qg1+ 48. Kh3 Qf1+ 49. Kh2 Qg1+ 50. Kh3 Qf1+ 51. Qg2 Qxg2+ 52. Kxg2 Rb8 53. Kf3 Ra8 54. Kf4 Kg7 55. e4 Ra4 56. f3 Ra3 57. Rd7 Rb3 58. g4 hxg4 59. Kxg4 Rb1 60. Kg3 Rg1+ 61. Kh2 Rf1 62. Kg2 Rb1 63. Rd5 Rb2+ 64. Kg3 Rb1 65. h5 gxh5 66. Rxh5 f6 67. Kf4 Kg6 68. Ra5 Rf1 69. Ra6 Kf7 70. Kg4 Rg1+ 71. Kf4 Rf1 72. Rb6 Rg1 73. Kf5 Rg5+ 74. Kf4 Rg1 75. Rd6 Rf1 76. Kg4 Rg1+ 77. Kh4 Rg2 78. Kh3 Rg1 79. Rd2 Ke6 80. Rg2 Rxg2 81. Kxg2 f5 82. exf5+ Kxf5 83. Kg3 Kg5 84. f4+ Kf5 85. Kh2 Kxf4 1/2-1/2


[Site "https://www.chess.com"]

[Event "Titled Tuesday Blitz January 17 Early 2023"]
[White "Esipenko, Andrey"]
[Black "Naroditsky, Daniel"]
[WhiteFideId "24175439"]
[BlackFideId "2026961"]
[WhiteElo "2679"]
[BlackElo "2618"]
[Result "1-0"]
[Round "09"]
[TimeControl "180+2"]
[Date "2023.01.17"]
[WhiteClock "0:00:13"]
[BlackClock "0:01:02"]

1. e4 c6 2. d4 d5 3. e5 c5 4. Nf3 cxd4 5. Nxd4 Nc6 6. Nxc6 bxc6 7. Bd3 e6 8. Nd2 Ne7 9. Nf3 a5 10. Qe2 Qb6 11. O-O Ba6 12. Be3 Qb7 13. c4 Ng6 14. h4 Be7 15. h5 Nf8 16. h6 gxh6 17. Bxh6 Nd7 18. cxd5 cxd5 19. Rac1 Nc5 20. Bxa6 Rxa6 21. Nd4 Rb6 22. b3 Rg8 23. Be3 Ne4 24. Qh5 Rg7 25. Rc2 Kd7 26. Rfc1 Ra6 27. Qh6 Bf8 28. Qh3 Ba3 29. Rc7+ Qxc7 30. Rxc7+ Kxc7 31. Nb5+ Kd7 32. Nxa3 Rc6 33. Nb5 Rc2 34. Qh6 Rg6 35. Qxh7 Ke7 36. Nd6 Nxd6 37. exd6+ Ke8 38. d7+ Kxd7 39. Qxf7+ 1-0


[Site "https://www.chess.com"]

[Event "Titled Tuesday Blitz January 17 Early 2023"]
[White "Bluebaum, Matthias"]
[Black "Kravtsiv, Martyn"]
[WhiteFideId "24651516"]
[BlackFideId "14113147"]
[WhiteElo "2669"]
[BlackElo "2598"]
[Result "1-0"]
[Round "09"]
[TimeControl "180+2"]
[Date "2023.01.17"]
[WhiteClock "0:01:22"]
[BlackClock "0:00:26"]

1. d4 d5 2. c4 e6 3. Nc3 Nf6 4. cxd5 exd5 5. Bf4 c6 6. e3 Bd6 7. Bxd6 Qxd6 8. Bd3 O-O 9. Nge2 Re8 10. Qd2 Nbd7 11. f3 Nb6 12. e4 dxe4 13. fxe4 Qd8 14. O-O Bg4 15. e5 Bxe2 16. Nxe2 Nfd5 17. Ng3 Ne7 18. Qf4 Rf8 19. Rad1 Nbd5 20. Qf2 f5 21. Nxf5 Nxf5 22. Bxf5 Qe7 23. Qg3 Rad8 24. h4 Kh8 25. h5 Nc7 26. Qg4 c5 27. Bb1 Rxf1+ 28. Rxf1 cxd4 29. Qe4 g6 30. hxg6 Rf8 31. g7+ 1-0


[Site "https://www.chess.com"]

[Event "Titled Tuesday Blitz January 17 Early 2023"]
[White "Vokhidov, Shamsiddin"]
[Black "Bernadskiy, Vitaliy"]
[WhiteFideId "14204223"]
[BlackFideId "14100371"]
[WhiteElo "2586"]
[BlackElo "2592"]
[Result "0-1"]
[Round "09"]
[TimeControl "180+2"]
[Date "2023.01.17"]
[WhiteClock "0:00:11"]
[BlackClock "0:00:06"]

1. e4 c5 2. Nf3 Nc6 3. Bb5 g6 4. Bxc6 dxc6 5. d3 Bg7 6. h3 Qc7 7. a4 a5 8. Na3 b6 9. Nc4 Be6 10. O-O Bxc4 11. dxc4 Rd8 12. Qe2 e5 13. Rd1 Rxd1+ 14. Qxd1 Nf6 15. Qe2 O-O 16. Bd2 Rd8 17. Bc3 Ne8 18. Rd1 Rxd1+ 19. Qxd1 Qd6 20. Qe2 Nc7 21. Bd2 Ne6 22. c3 h6 23. Bc1 Kf8 24. g3 Kg8 25. Kg2 Kf8 26. h4 h5 27. Ne1 Qd7 28. Nd3 Nc7 29. Be3 Qe6 30. b3 Ne8 31. f3 Nd6 32. Nf2 Ke7 33. Qd3 Qd7 34. Nd1 Ne8 35. Qc2 Nd6 36. Qd3 Ne8 37. Qe2 Nd6 38. b4 axb4 39. cxb4 cxb4 40. Bxb6 Qe6 41. Bc5 Kd7 42. Nb2 f5 43. Bxb4 fxe4 44. fxe4 Bh6 45. Qd1 Be3 46. Qd3 Bd4 47. Bxd6 Qxd6 48. Nd1 Qb4 49. Ne3 Qxa4 50. Nc2 c5 51. Ne1 Qa2+ 52. Kh3 Qf2 53. Nf3 Kd6 54. Qb3 Qf1+ 55. Kh2 Qe2+ 56. Kh3 Qf1+ 57. Kh2 Qf2+ 0-1


[Site "https://www.chess.com"]

[Event "Titled Tuesday Blitz January 17 Early 2023"]
[White "Andreikin, Dmitry"]
[Black "Pultinevicius, Paulius"]
[WhiteFideId "4158814"]
[BlackFideId "12809390"]
[WhiteElo "2729"]
[BlackElo "2537"]
[Result "1-0"]
[Round "09"]
[TimeControl "180+2"]
[Date "2023.01.17"]
[WhiteClock "0:00:30"]
[BlackClock "0:00:09"]

1. d4 Nf6 2. c4 e6 3. Nf3 d5 4. g3 dxc4 5. Bg2 c5 6. O-O Nc6 7. dxc5 Qxd1 8. Rxd1 Bxc5 9. Nfd2 Na5 10. Na3 Bxa3 11. bxa3 Bd7 12. Bb2 Rc8 13. Bc3 b6 14. Ne4 Nxe4 15. Bxe4 f6 16. Rd6 Rc7 17. Rad1 Nb7 18. Rxd7 Rxd7 19. Rxd7 Kxd7 20. Bxb7 Kc7 21. Ba6 Rd8 22. Kg2 Rd1 23. Bb4 Rc1 24. Kf3 Kc6 25. a4 c3 26. Bd3 a5 27. Bf8 Ra1 28. Bxg7 Rxa2 29. Ke3 Rxa4 30. Bxf6 Ra3 31. Bxh7 b5 32. h4 b4 33. h5 Ra1 34. h6 Rh1 35. Be4+ 1-0


[Site "https://www.chess.com"]

[Event "Titled Tuesday Blitz January 17 Early 2023"]
[White "Dominguez Perez, Leinier"]
[Black "Deac, Bogdan-Daniel"]
[WhiteFideId "3503240"]
[BlackFideId "1226380"]
[WhiteElo "2739"]
[BlackElo "2700"]
[Result "1-0"]
[Round "09"]
[TimeControl "180+2"]
[Date "2023.01.17"]
[WhiteClock "0:00:10"]
[BlackClock "0:00:02"]

1. d4 Nf6 2. Nf3 d5 3. e3 Bf5 4. Nbd2 e6 5. b3 c5 6. Bb2 Nc6 7. Be2 Qc7 8. O-O Rd8 9. c4 cxd4 10. Nxd4 Nxd4 11. Bxd4 Bd6 12. cxd5 Bxh2+ 13. Kh1 Be5 14. Rc1 Qb8 15. Bb5+ Ke7 16. Bxe5 Qxe5 17. Nf3 Qb8 18. Qd4 Rxd5 19. Qb4+ Rd6 20. Ne5 Nd5 21. Qa3 Nb6 22. Rfd1 Rd8 23. Rxd6 Rxd6 24. Rd1 f6 25. Nf7 Kxf7 26. Qxd6 Qxd6 27. Rxd6 Ke7 28. Rd2 e5 29. Bd3 e4 30. Be2 Be6 31. g4 f5 32. gxf5 Bxf5 33. Kg2 g5 34. Kg3 Be6 35. Rd1 Bf7 36. Rd4 Bg6 37. Bc4 h5 38. Bd5 Nxd5 39. Rxd5 Kf6 40. Rd7 h4+ 41. Kg2 b5 42. Rxa7 Bh5 43. a4 bxa4 44. bxa4 1-0


[Site "https://www.chess.com"]

[Event "Titled Tuesday Blitz January 17 Early 2023"]
[White "Paravyan, David"]
[Black "Gholami Orimi, Mahdi"]
[WhiteFideId "4194985"]
[BlackFideId "12558486"]
[WhiteElo "2601"]
[BlackElo "2420"]
[Result "1/2-1/2"]
[Round "09"]
[TimeControl "180+2"]
[Date "2023.01.17"]
[WhiteClock "0:00:04"]
[BlackClock "0:00:10"]

1. d4 Nf6 2. c4 e6 3. Nf3 d5 4. Nc3 Bb4 5. Bg5 h6 6. Bxf6 Qxf6 7. e3 O-O 8. Qb3 c5 9. cxd5 exd5 10. dxc5 Nc6 11. Bb5 Bh3 12. Bxc6 Bxg2 13. Qxb4 bxc6 14. Rg1 Bxf3 15. Qd4 Qxd4 16. exd4 f5 17. Kd2 Kf7 18. Rae1 Rfe8 19. Re3 Bh5 20. Rge1 Rxe3 21. Rxe3 g5 22. b4 a6 23. a4 f4 24. Re5 Rb8 25. b5 axb5 26. axb5 cxb5 27. Nxd5 b4 28. c6 b3 29. c7 Rc8 30. Re7+ Kf8 31. Rd7 Bg4 32. Rd8+ Kf7 33. Rxc8 Bxc8 34. Nb6 Bb7 35. Kc3 g4 36. Kxb3 h5 37. Nc4 Ke6 38. Kc3 h4 39. Kd2 g3 40. fxg3 fxg3 41. hxg3 h3 42. d5+ Kxd5 43. Ne3+ Kd6 44. Ng4 Kxc7 45. Nh2 Kd6 46. Ke3 Ke5 47. Kf2 Kf5 48. Ke3 Kg5 49. Kf2 Bg2 50. Ke3 Kf5 51. Kd4 Kg5 52. Ke5 Bh1 53. Kd4 Bg2 54. Ke3 Bh1 55. Kf2 Bg2 56. Kg1 Ba8 57. Nf1 Kg4 58. Kh2 Bg2 59. Ne3+ Kf3 60. Nf5 Kg4 61. Nh6+ Kg5 62. Nf7+ Kg4 63. Ne5+ Kf5 64. Nd3 Be4 65. Nf2 Bg2 66. Nd1 Kg5 67. Ne3 Kh5 68. Nc4 Kg5 69. Nd6 Kh5 70. Nb5 Kg5 71. Nd4 Kh5 72. Ne2 Kg5 73. Nf4 Kg4 74. Ne6 Kf5 75. Nc5 Kg4 76. Nb3 Kg5 77. Na1 Kg4 78. Nc2 Kg5 79. Ne3 Kh5 80. Kg1 Be4 81. Nd1 Bg2 82. Nf2 Kg5 83. Kh2 Kh5 84. Nd3 Kg5 85. Ne5 Kf5 86. Nc4 Kg4 87. Ne3+ Kg5 88. Kg1 Kh5 89. Kf2 Kg5 90. Kg1 Be4 91. Kh2 Bg2 92. Nc4 Kg4 93. Nd2 Bd5 94. Nb1 Bg2 1/2-1/2


[Site "https://www.chess.com"]

[Event "Titled Tuesday Blitz January 17 Early 2023"]
[White "Sadhwani, Raunak"]
[Black "Zierk, Steven"]
[WhiteFideId "35093487"]
[BlackFideId "2034255"]
[WhiteElo "2627"]
[BlackElo "2488"]
[Result "0-1"]
[Round "09"]
[TimeControl "180+2"]
[Date "2023.01.17"]
[WhiteClock "0:00:01"]
[BlackClock "0:00:07"]

1. e4 e6 2. d4 d5 3. Nc3 Bb4 4. e5 c5 5. a3 Bxc3+ 6. bxc3 Qa5 7. Bd2 Qa4 8. Qg4 Kf8 9. Bd3 b6 10. c4 Ne7 11. Nf3 Nbc6 12. dxc5 Ba6 13. Qf4 h6 14. O-O Bxc4 15. Be3 b5 16. Rfb1 Rb8 17. h4 Qa6 18. a4 b4 19. Rd1 Bxd3 20. cxd3 Nf5 21. g4 Nxe3 22. fxe3 Ke7 23. h5 b3 24. g5 hxg5 25. Qxg5+ Kf8 26. Rab1 Qxa4 27. Rf1 b2 28. Rf2 Qa2 29. Nd2 Rb7 30. Kh2 Qa3 31. Rg1 Rh7 32. Qg6 Kg8 33. Qg5 Qxd3 34. Nf3 b1=Q 35. Rxb1 Rxb1 36. Nd4 Qe4 37. Rg2 Qxe5+ 0-1


[Site "https://www.chess.com"]

[Event "Titled Tuesday Blitz January 17 Early 2023"]
[White "Puranik, Abhimanyu"]
[Black "Mitrabha, Guha"]
[WhiteFideId "5061245"]
[BlackFideId "5057000"]
[WhiteElo "2613"]
[BlackElo "2507"]
[Result "0-1"]
[Round "09"]
[TimeControl "180+2"]
[Date "2023.01.17"]
[WhiteClock "0:00:01"]
[BlackClock "0:00:12"]

1. c4 Nf6 2. g3 g6 3. Bg2 Bg7 4. Nc3 O-O 5. Nf3 c5 6. O-O Nc6 7. d4 cxd4 8. Nxd4 Qa5 9. e3 Qh5 10. Qxh5 Nxh5 11. Rd1 Nf6 12. b3 Rb8 13. Ba3 Re8 14. Rac1 a6 15. c5 Nxd4 16. exd4 b6 17. cxb6 Rxb6 18. Bc5 Re6 19. d5 Re5 20. Bd4 Rh5 21. d6 exd6 22. Bxf6 Bxf6 23. Ne4 Be7 24. Nxd6 Bxd6 25. Rxd6 Kg7 26. Rb6 Rhe5 27. Rb8 Re1+ 28. Rxe1 Rxe1+ 29. Bf1 Rc1 30. Kg2 d5 31. Rb6 Bf5 32. Bxa6 Be4+ 33. Kh3 Rc2 34. Rd6 Rxf2 35. Bb7 Bg2+ 36. Kh4 h5 37. g4 hxg4 38. Kg3 Rxa2 39. Kxg4 Be4 40. Kf4 Rxh2 41. Bxd5 Bxd5 42. Rxd5 Rh4+ 43. Kg3 Rb4 44. Rd3 f5 45. Kf3 Kf6 46. Ke3 g5 47. Rc3 g4 48. Kd3 Kg5 49. Kc2 f4 50. Rc8 f3 51. Kc3 Rb7 0-1


[Site "https://www.chess.com"]

[Event "Titled Tuesday Blitz January 17 Early 2023"]
[White "Movahed, Sina"]
[Black "Korobov, Anton"]
[WhiteFideId "42520835"]
[BlackFideId "14105730"]
[WhiteElo "2340"]
[BlackElo "2664"]
[Result "0-1"]
[Round "09"]
[TimeControl "180+2"]
[Date "2023.01.17"]
[WhiteClock "0:00:10"]
[BlackClock "0:00:15"]

1. e4 c5 2. Nf3 d6 3. d4 cxd4 4. Nxd4 Nf6 5. Nc3 a6 6. Bg5 Nbd7 7. Bc4 Qb6 8. Bb3 e6 9. Qd2 Nc5 10. f3 Be7 11. O-O-O Qc7 12. g4 b5 13. Rhe1 Bd7 14. Bxf6 Bxf6 15. g5 Bd8 16. Nf5 exf5 17. exf5+ Kf8 18. Nd5 Nxb3+ 19. axb3 Qa5 20. Qf4 Kg8 21. Qxd6 Bxg5+ 22. f4 Bh4 23. Re5 Qa1+ 24. Kd2 Qa5+ 25. Ke2 Bxf5 26. Rxf5 h5 27. Re5 Rh6 28. Qd7 Rd8 29. Qf5 Qa2 30. Ne7+ Bxe7 31. Rxe7 Rf8 32. Rd8 Rf6 33. Rxf8+ Kxf8 34. Qe4 g6 35. Re8+ Kg7 36. Qe7 Re6+ 0-1


[Site "https://www.chess.com"]

[Event "Titled Tuesday Blitz January 17 Early 2023"]
[White "Bharath Subramaniyam H"]
[Black "Jobava, Baadur"]
[WhiteFideId "46634827"]
[BlackFideId "13601520"]
[WhiteElo "2517"]
[BlackElo "2578"]
[Result "0-1"]
[Round "09"]
[TimeControl "180+2"]
[Date "2023.01.17"]
[WhiteClock "0:00:16"]
[BlackClock "0:00:22"]

1. e4 c6 2. Nf3 d5 3. Nc3 Bg4 4. h3 Bxf3 5. Qxf3 e6 6. Be2 g6 7. d4 Nd7 8. Be3 h5 9. O-O-O Bh6 10. Kb1 Qf6 11. Qg3 O-O-O 12. e5 Qg7 13. h4 Ne7 14. Bg5 Nf5 15. Qd3 Bxg5 16. hxg5 Kb8 17. Na4 c5 18. c3 Rc8 19. f4 cxd4 20. cxd4 Rc4 21. Qa3 Rc7 22. Bb5 Qf8 23. Qb3 Nb6 24. Nxb6 axb6 25. Be2 Rc6 26. Bb5 Rc7 27. Ba4 Qd8 28. a3 Rc4 29. Rd3 Nxd4 30. Qd1 Nf5 31. Rf1 Re4 32. Rff3 Qe7 33. Bc2 Rc8 34. Rb3 Rd4 35. Qg1 Rxc2 36. Kxc2 Rc4+ 37. Kd3 Nd4 38. Qxd4 Rxd4+ 39. Kxd4 Qc5+ 40. Kd3 h4 41. Ke2 Qg1 42. Rf2 Qc1 43. Rb4 d4 44. Rxd4 Qxb2+ 45. Rd2 Qxa3 46. Rf3 Qc5 47. Rfd3 Qg1 48. Rd8+ Kc7 49. R8d7+ Kc6 50. R7d6+ Kb5 51. Rb2+ Kc4 52. Kf3 Qe1 53. Rdxb6 Qg3+ 54. Ke4 Qd3# 0-1


[Site "https://www.chess.com"]

[Event "Titled Tuesday Blitz January 17 Early 2023"]
[White "Moroni, Luca Jr"]
[Black "Svane, Rasmus"]
[WhiteFideId "865834"]
[BlackFideId "4657101"]
[WhiteElo "2535"]
[BlackElo "2623"]
[Result "0-1"]
[Round "09"]
[TimeControl "180+2"]
[Date "2023.01.17"]
[WhiteClock "0:00:03"]
[BlackClock "0:00:07"]

1. d4 Nf6 2. Nf3 d5 3. Bf4 c5 4. e3 e6 5. Nbd2 Qb6 6. Rb1 Bd6 7. Bg3 O-O 8. c3 Qc7 9. Bd3 Nbd7 10. Bh4 b6 11. O-O Bb7 12. Qe2 Ne4 13. Bg3 Nxg3 14. hxg3 e5 15. dxe5 Nxe5 16. Nxe5 Bxe5 17. c4 Rad8 18. cxd5 Bxd5 19. b3 g6 20. Be4 Be6 21. Rfd1 Bf6 22. Bf3 Bg7 23. Bg4 Bxg4 24. Qxg4 Qd7 25. Qf3 Qd5 26. Nc4 Qxf3 27. gxf3 h5 28. f4 Bf6 29. Kg2 Rfe8 30. Kf3 Kf8 31. Nd6 Re7 32. Ne4 Rxd1 33. Rxd1 Bb2 34. Rd8+ Re8 35. Rd7 Re7 36. Rd8+ Kg7 37. Nd6 Ba1 38. e4 Bd4 39. e5 a6 40. Ne8+ Kh6 41. Nf6 Rb7 42. Rh8+ Kg7 43. Rg8+ Kh6 44. g4 hxg4+ 45. Nxg4+ Kh7 46. Nf6+ Kh6 47. Ke4 Bxf2 48. Ra8 Bd4 49. Rxa6 b5 50. Ra8 Bg1 51. Rh8+ Kg7 52. Rg8+ Kh6 53. f5 gxf5+ 54. Kxf5 Bd4 55. Ng4+ Kh7 56. Nf6+ Kh6 57. Rg4 Ra7 58. Rg2 Rb7 59. Rh2+ Kg7 60. Rg2+ Kh6 61. Ne4 Re7 62. Ng5 Rxe5+ 63. Kf6 Re2+ 64. Kf5 Rxg2 65. Nxf7+ Kg7 66. Ng5 Rxg5+ 67. Kxg5 Kf7 68. Kf5 b4 69. Ke4 Ke6 0-1


[Site "https://www.chess.com"]

[Event "Titled Tuesday Blitz January 17 Early 2023"]
[White "Shimanov, Aleksandr"]
[Black "Krzyzanowski, Marcin"]
[WhiteFideId "4198603"]
[BlackFideId "1132199"]
[WhiteElo "2581"]
[BlackElo "2512"]
[Result "0-1"]
[Round "09"]
[TimeControl "180+2"]
[Date "2023.01.17"]
[WhiteClock "0:00:03"]
[BlackClock "0:00:03"]

1. e4 d6 2. d4 Nf6 3. f3 c5 4. d5 e6 5. c4 exd5 6. cxd5 Be7 7. Ne2 O-O 8. Be3 Re8 9. Nec3 Nh5 10. Bb5 Bd7 11. Bxd7 Nxd7 12. O-O g6 13. Nd2 a6 14. a4 Rb8 15. a5 Bg5 16. Bf2 Ne5 17. Qc2 Nf4 18. Kh1 Qf6 19. Bg1 Bh6 20. g3 Nfd3 21. f4 Nb4 22. Qd1 Ned3 23. Nc4 Nxb2 24. Qb3 Nxc4 25. Qxc4 Bg7 26. Rac1 Qd8 27. e5 Qxa5 28. Ne4 b5 29. Qe2 dxe5 30. f5 gxf5 31. Rxf5 Qa2 32. Qf3 Qxd5 33. Rxc5 Qb7 34. Rg5 Re6 35. Rf5 Qe7 36. Rc1 Rd8 37. Bc5 Qc7 38. Rf1 a5 39. Rxf7 Qc6 40. Rxg7+ Kxg7 41. Qf7+ Kh8 42. Qf5 Nd3 43. Be3 b4 44. Bg5 Rde8 45. Kg1 Qb6+ 46. Kg2 Qc6 47. Kh3 Qc8 48. Kh4 Rg6 49. Qf3 Kg7 50. Qh5 Kg8 51. Nf6+ Rxf6 52. Bxf6 Qc4+ 53. g4 Qf7 54. Qh6 Qg6 55. Qxg6+ hxg6 56. Kg5 Nf4 57. h4 Kf7 58. Bxe5 Rxe5+ 59. Kxf4 Rb5 60. Ke4+ Kg7 61. Kd4 b3 62. Kc4 Rb4+ 63. Kc3 b2 64. Rb1 Rxg4 65. Rxb2 Rxh4 66. Rb5 a4 67. Ra5 Rf4 68. Kd3 Kh6 69. Ke3 g5 70. Ra8 Kh5 71. Ra7 Kg4 72. Ra5 Kh4 73. Rc5 Kg4 74. Ra5 a3 75. Ra6 Kg3 76. Ra5 g4 77. Ra7 Rf3+ 78. Ke4 Kf2 79. Rb7 Re3+ 80. Kf4 a2 81. Rb2+ Re2 0-1


[Site "https://www.chess.com"]

[Event "Titled Tuesday Blitz January 17 Early 2023"]
[White "Kilic, Eray"]
[Black "Narayanan, Srinath"]
[WhiteFideId "44517173"]
[BlackFideId "5018420"]
[WhiteElo "2414"]
[BlackElo "2559"]
[Result "1-0"]
[Round "09"]
[TimeControl "180+2"]
[Date "2023.01.17"]
[WhiteClock "0:01:55"]
[BlackClock "0:02:03"]

1. e4 c6 2. Nc3 d5 3. Nf3 dxe4 4. Nxe4 Nf6 5. Nxf6+ exf6 6. d4 Bd6 7. Bd3 O-O 8. O-O Re8 9. h3 Nd7 10. Re1 Nf8 11. Rxe8 Qxe8 12. c4 Ng6 13. Be3 Nf4 14. Bxf4 Bxf4 15. Qc2 g6 16. Re1 Qd8 17. Qb3 Bh6 18. d5 c5 19. Qb5 b6 20. Re8+ Qxe8 21. Qxe8+ Bf8 22. Qc6 Rb8 23. Qc7 Ra8 24. d6 Be6 25. d7 Be7 26. Be4 Rd8 27. Bc6 Bxc4 28. Qxa7 b5 29. Nd2 Bd3 30. Nb3 c4 31. Nc5 b4 32. Nb7 Rf8 33. Qd4 Bf5 34. d8=Q Bxd8 35. Nxd8 c3 36. bxc3 bxc3 37. Qxc3 Rxd8 38. Qxf6 Rf8 39. a4 Be6 40. a5 Rc8 41. Bf3 1-0


[Site "https://www.chess.com"]